 Dungeon Crawl Stone Soup version 0.30.1-9-gdf580d7c3d (webtiles) character file.

Game seed: 17156832008952921812

91123 danielguo94 the Bludgeoner (level 16, -2/103 HPs)
             Began as a Gargoyle Fighter on Oct 10, 2023.
             Was the Champion of the Shining One.
             Slain by a bunyip (9 damage)
             ... on level 1 of the Swamp.
             The game lasted 00:49:02 (24790 turns).

danielguo94 the Bludgeoner (Gargoyle Fighter)      Turns: 24790, Time: 00:49:05

Health: -2/103     AC: 34    Str: 27    XL:     16   Next: 2%
Magic:  35/35      EV: 11    Int: 11    God:    the Shining One [******]
Gold:   857        SH: 12    Dex: 13    Spells: 15/15 levels left

rFire   . . .        T - +1 morningstar (flame)
rCold   + . .        c - +0 buckler
rNeg    + + +        F - +2 chain mail {rC+}
rPois   ∞            M - +2 helmet
rElec   +            V - scarf {repulsion}
rCorr   .            R - +2 pair of gloves {Str+3}
SInv    .            S - +0 pair of boots
Will    +++..        D - amulet of reflection Stlth
                     v - +4 ring of slaying
HPRegen 0.37/turn    s - ring of Soluxab {Will++ MP+9 Str+2}
MPRegen 0.24/turn

%: repel missiles, reflection
@: flying, glowing
A: sickness immunity, AC +12, big wings, negative energy resistance 1,
electricity resistance, torment resistance 1, petrification resistance
a: Renounce Religion, Divine Shield, Cleansing Flame, Summon Divine Warrior,
Brand Weapon With Holy Wrath


You were on level 1 of the Swamp.
You worshipped the Shining One.
The Shining One was exalted by your worship.
You visited 6 branches of the dungeon, and saw 25 of its levels.
You also visited: Sewer, Bailey and Ice Cave.

You collected 2827 gold pieces.
You spent 1970 gold pieces at shops.

Inventory:

Hand Weapons
 T - a +1 morningstar of flaming (weapon)
Missiles
 y - a curare-tipped dart
 z - 3 silver javelins (quivered)
 A - 33 poisoned darts
 P - 5 throwing nets
 W - 6 datura-tipped darts
 Z - 6 javelins
Armour
 c - a +0 buckler (worn)
 F - a +2 chain mail of cold resistance (worn)
 M - a +2 helmet (worn)
 R - a +2 pair of gloves of strength (worn)
 S - a +0 pair of boots (worn)
 V - a scarf of repulsion (worn)
Jewellery
 b - a ring of magical power
 n - a +6 ring of dexterity
 r - a ring of protection from fire
 s - the ring of Soluxab (right hand) {Will++ MP+9 Str+2}
   (You bought it in a shop on level 2 of the Orcish Mines)

   [ring of magical power]

   Str:       It affects your strength (+2).
   MP:        It affects your magic capacity (+9).
   Will:      It greatly increases your willpower.
 v - a +4 ring of slaying (left hand)
 D - an amulet of reflection (around neck)
 N - a ring of protection from cold
Wands
 u - a wand of acid (13)
 x - a wand of iceblast (12)
 J - a wand of digging (16)
 Q - a wand of charming (13)
Scrolls
 f - 11 scrolls of teleportation
 i - a scroll of silence
 j - 3 scrolls of fear
 k - 4 scrolls of fog
 o - 4 scrolls of vulnerability
 p - 5 scrolls of blinking
 q - a scroll of acquirement {unknown}
 w - 4 scrolls of enchant weapon
 B - 2 scrolls of magic mapping
 C - 5 scrolls of immolation
 H - a scroll of noise {unknown}
 I - 2 scrolls of enchant armour
 U - 2 scrolls of summoning
Potions
 a - 5 potions of mutation
 d - 3 potions of might
 e - a potion of flight {unknown}
 g - 3 potions of magic
 h - 3 potions of brilliance
 l - 2 potions of haste
 m - 2 potions of attraction
 t - 5 potions of lignification
 E - 3 potions of cancellation
 G - 3 potions of curing
 L - 2 potions of heal wounds
 O - 3 potions of ambrosia
 X - 2 potions of berserk rage {unknown}
 Y - a potion of resistance {unknown}


   Skills:
 + Level 12.5 Fighting
 + Level 16.5 Maces & Flails
 + Level 11.5 Armour
 + Level 4.6 Dodging
 + Level 12.3 Shields
 * Level 14.0 Invocations
 + Level 1.4 Evocations


You had 15 spell levels left.
You didn't know any spells.
Your spell library contained the following spells:

 Spells                   Type           Power      Damage    Failure   Level
 Apportation              Tloc           0%         N/A       80%         1
 Kiss of Death            Conj/Necr      0%         2d5       80%         1
 Blink                    Tloc           0%         N/A       91%         2
 Ensorcelled Hibernation  Hex/Ice        0%         N/A       91%         2
 Lesser Beckoning         Tloc           0%         N/A       91%         2
 Momentum Strike          Conj/Tloc      0%         3d8       91%         2
 Passwall                 Tmut/Erth      0%         N/A       91%         2
 Scorch                   Fire           0%         2d5       91%         2
 Confusing Touch          Hex            0%         N/A       99%         3
 Inner Flame              Hex/Fire       0%         N/A       99%         3
 Swiftness                Air            0%         N/A       99%         3
 Vampiric Draining        Necr           0%         2d6       99%         3
 Volatile Blastmotes      Fire/Tloc      0%         2d10      99%         3
 Anguish                  Hex/Necr       0%         N/A       100%        4
 Animate Armour           Summ/Erth      0%         N/A       100%        4
 Cause Fear               Hex            0%         N/A       100%        4
 Dispel Undead            Necr           0%         3d6       100%        4
 Flame Wave               Conj/Fire      0%         2d4       100%        4
 Fulminant Prism          Conj/Hex       0%         3d5       100%        4
 Iskenderun's Mystic Bla  Conj/Tloc      0%         2d3       100%        4
 Leda's Liquefaction      Hex/Erth       0%         N/A       100%        4
 Petrify                  Tmut/Erth      0%         N/A       100%        4
 Sticky Flame             Conj/Fire      0%         2d3       100%        4
 Agony                    Necr           0%         N/A       100%        5
 Alistair's Intoxication  Tmut/Pois      0%         N/A       100%        5
 Blade Hands              Tmut           0%         N/A       100%        5
 Lee's Rapid Deconstruct  Erth           0%         3d4*      100%        5
 Iron Shot                Conj/Erth      0%         9d1       100%        6
 Summon Cactus Giant      Summ           0%         N/A       100%        6
 Enfeeble                 Hex            0%         N/A       100%        7
 Borgnjor's Revivificati  Necr           0%         N/A       100%        8


Dungeon Overview and Level Annotations

Branches:
Dungeon (15/15)            Temple (1/1) D:7            Lair (5/5) D:8
  Swamp (1/4) Lair:2       Spider (1/4) Lair:2        Slime (0/5) Lair:4
    Orc (2/2) D:12            Elf (0/3) Orc:2        Vaults (0/5) D:14
  Sewer (visited)          Bailey (visited)           IceCv (visited)
 Depths: D:15

Altars:
Ashenzari
Cheibriados
Dithmenos
Elyvilon
Fedhas
Gozag
Hepliaklqana
Kikubaaqudgha
Makhleb
Nemelex Xobeh
Okawaru
Qazlal
Ru
Sif Muna
Trog
Uskayaw
Vehumet
Wu Jian
Xom
Yredelemnul
Zin
The Shining One
Jiyva

Shops:
D:4 [(**   D:5 [   D:6 *   D:7 *   D:10 !   D:15 (   Orc:2 [=(=

Annotations:
D:9 Zonian's ghost, novice DECj
D:11 2 transporters
D:15 Jorgrun


Innate Abilities, Weirdness & Mutations

You are immune to sickness and miasma.
Your stone body is resilient. (AC +12)
You are immune to poison.
Your large and strong wings let you fly.
You resist negative energy. (rN+)
You are resistant to electric shocks. (rElec)
You are resistant to unholy torment.
You are immune to petrification.


Message History

You barely miss the bunyip.
The bunyip is lightly wounded.
The spriggan druid calls out to the beasts of the wild!
The bunyip barely misses you. The bunyip claws you.
* * * LOW HITPOINT WARNING * * *
The bunyip claws you!
* * * LOW HITPOINT WARNING * * *
Okay, then.
Unknown command.
You feel much better.
A swamp worm comes into view.
Unknown command.
Unknown command.
You barely miss the bunyip.
The bunyip is lightly wounded.
You barely miss the bunyip.
The bunyip is lightly wounded.
You block the spriggan druid's attack.
You bludgeon the bunyip!! You burn the bunyip!
The bunyip is heavily wounded.
The bunyip claws you! The bunyip claws you. The bunyip completely misses you.
The spriggan druid hits you with a +0 quarterstaff.
* * * LOW HITPOINT WARNING * * *
You hit the bunyip but do no damage.
The bunyip is heavily wounded.
A bunyip comes into view.
You puncture the bunyip! You burn the bunyip.
The bunyip is severely wounded.
You block the spriggan druid's attack.
You hit the bunyip. You burn the bunyip.
The bunyip is severely wounded.
A bog body comes into view.
You block the spriggan druid's attack.
You hit the bunyip. You burn the bunyip.
The bunyip is almost dead.
The bunyip howls a warning cry!
The bunyip claws you!!
* * * LOW HITPOINT WARNING * * *
The bunyip claws you!
You die...

..~.~~~~.♣♣~.~§~~~♣♣
♣♣♣~
#....~~~..♣~..§~.♣♣♣
#.....~~~~...~~~.♣~
#.....~~~~.x.~~..§♣♣♣♣♣♣
.♣♣♣~.~~~~...~~..~♣§....
# ♣♣.~~~~♣♣.~...~..~...
♣.~§~~♣♣.§~..~~~~~..
♣≈≈>~~.♣♣.......§~~..
≈≈≈♣...♣♣~♣~.@i.§...♣
≈≈≈≈♣♣♣♣...§~x~~~~..♣
♣~...~w~~~~..♣
~§~....†~~§~~.♣
..~~.....~§~~~~~
♣.......§~§~~~~♣
♣~.~~~.~n~~~~~§♣
..~~~.♣.~~~~§~♣
♣♣....♣~...~...


You could see 2 bunyips, a spriggan druid, a bog body and a swamp worm.

Vanquished Creatures
  Frances (D:13)
  An orc warlord (Orc:2)
  A reaper (IceCv)
  2 eleionomae (Swamp:1)
  2 fire dragons
  A vault guard (D:14)
  5 hydras
  An ice dragon (D:9)
  2 catoblepae (Lair:3)
  3 centaur warriors
  3 two-headed ogres
  5 boulder beetles
  2 radroaches
  2 alligators (Swamp:1)
  4 orc high priests
  4 death yaks
  Urug (Lair:5)
  Nergalle (D:12)
  A pharaoh ant (Lair:2)
  3 skeletal warriors (D:14)
  A steelbarb worm (Lair:2)
  A bog body (Lair:2)
  3 deep elf pyromancers
  An orc knight (Orc:2)
  A lindwurm (Lair:5)
  A wizard (D:14)
  4 orc sorcerers
  4 wolf spiders
  9 ugly things (D:14)
  4 manticores
  3 cyclopes
  7 elephants
  7 black mambas
  2 ice statues (IceCv)
  A demonic crawler (Lair:2)
  2 gargoyles
  7 cane toads
  3 molten gargoyles (Lair:5)
  2 torpor snails
  12 komodo dragons
  8 ice devils (IceCv)
  A freezing wraith (IceCv)
  A kobold demonologist (D:13)
  2 tengu conjurers
  A polar bear (Lair:4)
  4 trolls
  3 meliai (D:14)
  3 tarantellas
  11 blink frogs
  7 dream sheep (Lair:5)
  A hornet (D:10)
  3 jumping spiders
  A centaur simulacrum (D:14)
  A vampire (D:11)
  5 culicivoras (Lair:2)
  7 wyverns
  A dire elephant simulacrum (IceCv)
  7 shadows
  65 yaks
  3 wraiths
  A wyvern (shapeshifter) (D:14)
  4 steam dragons
  6 basilisks
  4 redbacks
  7 vampire mosquitoes
  A death yak simulacrum (IceCv)
  3 swamp worms (Swamp:1)
  A warg (Orc:1)
  8 acid dragons
  4 hell hounds (Lair:5)
  9 water moccasins
  A hydra simulacrum (IceCv)
  A sky beast (D:5)
  7 ogres
  27 orc warriors
  4 black bears
  17 wolves
  12 centaurs
  3 phantoms
  3 kobold brigands
  5 bullfrogs
  8 gnoll sergeants
  3 scorpions
  4 two-headed ogre simulacra (IceCv)
  3 cane toad simulacra (IceCv)
  4 wights
  An elephant simulacrum (IceCv)
  6 killer bees
  9 howler monkeys
  The ghost of KittyFluff the Trooper, a weakling GrBe of Trog (D:3)
  5 lava snakes (Lair:5)
  13 orc priests
  5 hounds
  8 gnoll boudas
  2 sleepcaps (D:4)
  4 iguanas
  11 orc wizards
  A polar bear simulacrum (IceCv)
  A troll simulacrum (IceCv)
  Robin (D:3)
  22 gnolls
  13 adders
  4 naga simulacra (IceCv)
  3 river rats (Sewer)
  4 white imps
  7 ufetubi
  A worm (D:4)
  A dart slug (D:3)
  56 orcs
  12 ball pythons
  7 bats
  6 endoplasms
  6 giant cockroaches
  25 goblins
  14 hobgoblins
  2 jackals (Sewer)
  5 quokkas
  7 frilled lizards
  19 kobolds
  13 rats
700 creatures vanquished.

Vanquished Creatures (others)
  A bloated husk (Swamp:1)
1 creature vanquished.

Grand Total: 701 creatures vanquished

Notes
Turn   | Place    | Note
-------+----------+-------------------------------------------
     0 | D:1      | danielguo94 the Gargoyle Fighter began the quest for the
                  | Orb.
     0 | D:1      | Reached XP level 1. HP: 14/14 MP: 1/1
    90 | D:1      | Reached XP level 2. HP: 19/19 MP: 2/2
   493 | D:1      | Reached XP level 3. HP: 23/23 MP: 3/3
   537 | D:1      | Found a faded altar of an unknown god.
  1089 | D:2      | Found a glowing golden altar of the Shining One.
  1132 | D:2      | Became a worshipper of the Shining One
  1338 | D:2      | Reached XP level 4. HP: 29/29 MP: 4/4
  1371 | D:2      | Reached skill level 3 in Maces & Flails
  1874 | D:3      | Noticed Robin
  1882 | D:3      | Reached XP level 5. HP: 33/33 MP: 5/5
  1887 | D:3      | Killed Robin
  2012 | D:3      | Found a burning altar of Makhleb.
  2032 | D:3      | Found an ancient bone altar of Kikubaaqudgha.
  2085 | D:3      | Found a runed translucent gate.
  2087 | D:3      | Found a runed translucent gate.
  2087 | D:3      | Found a runed translucent gate.
  2089 | D:3      | Noticed KittyFluff's ghost (weakling GrBe)
  2480 | D:4      | Reached skill level 4 in Maces & Flails
  2480 | D:4      | Reached skill level 1 in Invocations
  2508 | D:4      | Reached XP level 6. HP: 38/38 MP: 5/7
  2568 | D:4      | Reached * piety under the Shining One
  2915 | D:4      | Identified the +1 leather armour of Weightlessness {rElec
                  | Int+3}
  2978 | D:4      | Found Keepn's Armour Shoppe.
  2986 | D:4      | Found Mofen's Weapon Shoppe.
  2993 | D:4      | Found Haboo's General Store.
  2994 | D:4      | Found Bacvaxt's General Store.
  3007 | D:4      | Bought a potion of degeneration for 11 gold pieces
  3008 | D:4      | Bought a scroll of identify for 22 gold pieces
  3008 | D:4      | Bought a scroll of identify for 22 gold pieces
  3250 | D:3      | Reached XP level 7. HP: 33/44 MP: 8/8
  3468 | D:4      | Reached skill level 5 in Maces & Flails
  3468 | D:4      | Reached skill level 1 in Dodging
  3634 | D:3      | Killed KittyFluff's ghost
  3733 | D:5      | Entered Level 5 of the Dungeon
  3743 | D:5      | Found Gutej's Armour Shoppe.
  3960 | D:5      | Found a glowing drain.
  3988 | Sewer    | Entered a sewer
  4093 | Sewer    | Reached XP level 8. HP: 48/48 MP: 10/10
  4117 | Sewer    | Reached skill level 5 in Armour
  4206 | Sewer    | Reached skill level 5 in Fighting
  4589 | D:5      | Reached skill level 6 in Maces & Flails
  4944 | D:5      | Reached ** piety under the Shining One
  5570 | D:6      | Found Quky's Assorted Antiques.
  5588 | D:6      | Reached skill level 7 in Maces & Flails
  5590 | D:6      | Reached skill level 5 in Shields
  5590 | D:6      | Reached XP level 9. HP: 48/54 MP: 12/12
  5668 | D:6      | Bought a scroll labelled ULINAC CUO for 26 gold pieces
  5668 | D:6      | Bought a knobbly marble ring for 130 gold pieces
  5668 | D:6      | Bought a scroll of identify for 52 gold pieces
  6106 | D:6      | Got the Catalogue of Left-Handed Ceremonies
  6185 | D:7      | Reached skill level 5 in Invocations
  6224 | D:7      | Found Nuogul's General Store.
  6244 | D:7      | Bought a scroll of identify for 22 gold pieces
  6285 | D:7      | Found a staircase to the Ecumenical Temple.
  6304 | Temple   | Entered the Ecumenical Temple
  6788 | D:8      | Noticed a cyclops
  6806 | D:8      | Killed a cyclops
  6807 | D:8      | Reached skill level 8 in Maces & Flails
  6879 | D:8      | Reached *** piety under the Shining One
  6917 | D:8      | Reached skill level 1 in Evocations
  6917 | D:8      | Reached XP level 10. HP: 50/61 MP: 14/14
  6939 | D:8      | Reached skill level 9 in Maces & Flails
  7071 | D:8      | Found a staircase to the Lair.
  7076 | D:8      | Identified the +9 falchion "Jerao" {freeze, Str+3}
  7286 | D:9      | Found a flagged portal.
  7475 | Bailey   | Entered a bailey
  8126 | Bailey   | Reached skill level 10 in Maces & Flails
  8177 | Bailey   | Identified the staff of cold "Ejijionaci" {Drain rC+ MP+9
                  | Dex+4 Stlth+}
  8179 | Bailey   | Got the Reference Book on Clay
  8379 | D:9      | Reached XP level 11. HP: 23/67 MP: 16/16
  8613 | D:9      | Noticed a two-headed ogre
  8621 | D:9      | Killed a two-headed ogre
  8752 | D:9      | Found a transporter.
  8756 | D:9      | Noticed a two-headed ogre
  8758 | D:9      | Noticed a moth of wrath
  8758 | D:9      | Noticed Zonian's ghost (novice DECj)
  8758 | D:9      | Reached **** piety under the Shining One
  8759 | D:9      | Noticed an ice dragon
  8762 | D:9      | Killed a two-headed ogre
  8775 | D:9      | Found a transporter.
  9255 | D:4      | Bought a +1 pair of gloves of strength for 231 gold pieces
  9260 | D:4      | Bought a +0 cloak for 63 gold pieces
  9355 | Lair:1   | Entered Level 1 of the Lair of Beasts
  9439 | Lair:1   | Found a frozen archway.
  9444 | IceCv    | Entered an ice cave
  9745 | IceCv    | Reached skill level 11 in Maces & Flails
  9955 | IceCv    | Reached ***** piety under the Shining One
 10129 | IceCv    | Noticed a reaper
 10148 | IceCv    | Killed a reaper
 10270 | IceCv    | Reached XP level 12. HP: 37/73 MP: 18/18
 10851 | Lair:1   | Reached skill level 12 in Maces & Flails
 11613 | Lair:2   | Found a staircase to the Swamp.
 11787 | Lair:2   | Noticed a four-headed hydra
 11796 | Lair:2   | Killed a four-headed hydra
 11797 | Lair:2   | Reached skill level 10 in Invocations
 11876 | Lair:2   | Found a hole to the Spider Nest.
 12116 | Lair:2   | Reached skill level 13 in Maces & Flails
 12786 | Lair:3   | Noticed a death yak
 12787 | Lair:3   | Noticed a death yak
 12850 | Lair:3   | Killed a death yak
 12851 | Lair:3   | Reached XP level 13. HP: 67/80 MP: 20/20
 14221 | Lair:4   | Reached skill level 14 in Maces & Flails
 14371 | Lair:4   | Reached skill level 10 in Fighting
 14888 | Lair:4   | Found a viscous altar of Jiyva.
 14889 | Lair:4   | Found a staircase to the Slime Pits.
 15069 | Lair:5   | Entered Level 5 of the Lair of Beasts
 15069 | Lair:5   | Noticed Urug
 15073 | Lair:5   | Killed Urug
 15350 | Lair:5   | Gained mutation: Your large and strong wings let you fly.
                  | [Gargoyle growth]
 15350 | Lair:5   | Reached XP level 14. HP: 80/88 MP: 22/22
 15407 | Lair:5   | Reached skill level 10 in Armour
 15414 | Lair:5   | Reached skill level 10 in Shields
 15875 | Lair:5   | Reached ****** piety under the Shining One
 16051 | Lair:5   | Found a large runed translucent door.
 16051 | Lair:5   | Found a large runed translucent door.
 16148 | Lair:5   | Reached skill level 15 in Maces & Flails
 17101 | D:10     | Entered Level 10 of the Dungeon
 17731 | D:10     | Found Qihic's Distillery.
 17753 | D:10     | Bought a potion of attraction for 36 gold pieces
 17753 | D:10     | Bought a potion of might for 48 gold pieces
 17753 | D:10     | Bought a potion of lignification for 36 gold pieces
 17753 | D:10     | Bought a potion of cancellation for 96 gold pieces
 17753 | D:10     | Bought a potion of curing for 36 gold pieces
 18301 | D:11     | Found a transporter.
 18360 | D:11     | Found a transporter.
 19324 | D:12     | Noticed Nergalle
 19372 | D:12     | Killed Nergalle
 19473 | D:12     | Found a staircase to the Orcish Mines.
 19941 | D:13     | Noticed Frances
 19952 | D:13     | Killed Frances
 20112 | D:13     | Reached XP level 15. HP: 95/95 MP: 24/24
 20670 | D:14     | Reached skill level 16 in Maces & Flails
 20915 | D:14     | Found an opulent altar of Gozag.
 21515 | Orc:1    | Entered Level 1 of the Orcish Mines
 21562 | Orc:1    | You are sucked into a shaft and drop 1 floor!
 21562 | Orc:2    | Entered Level 2 of the Orcish Mines
 21564 | Orc:2    | Noticed an orc warlord
 21564 | Orc:2    | Found Goyde's Antique Weapon Emporium.
 22059 | Orc:2    | Found Avot's General Store.
 22080 | Orc:2    | Found Ditam's Jewellery Emporium.
 22112 | Orc:2    | Found a staircase to the Elven Halls.
 22150 | Orc:2    | Found Foinad's Jewellery Emporium.
 22189 | Orc:2    | Killed an orc warlord
 22273 | Orc:2    | Bought the ring of Soluxab {Will++ MP+9 Str+2} for 678 gold
                  | pieces
 22320 | Orc:2    | Bought a runed broad axe for 154 gold pieces
 22475 | Orc:2    | Found Duhao's Antique Armour Emporium.
 22632 | Orc:2    | Bought a shiny chain mail for 307 gold pieces
 23425 | D:14     | Found a gate to the Vaults.
 23757 | D:15     | Entered Level 15 of the Dungeon
 23786 | D:15     | Found Vischokus's Weapon Shoppe.
 23801 | D:15     | Noticed Jorgrun
 24210 | Spider:1 | Entered Level 1 of the Spider Nest
 24676 | Swamp:1  | Entered Level 1 of the Swamp
 24776 | Swamp:1  | Reached XP level 16. HP: 44/103 MP: 26/26
 24790 | Swamp:1  | Slain by a bunyip

Illustrated notes

Levels and vault maps discovered:
D:1:      reono_arrival_mine, layout_basic, ebering_ecumenical_altar_hall,
          grunt_decor_resistance, minivault_14
D:2:      layout_loops_corners, basic_altar, st_stairs_6
D:3:      layout_loops_ring, mainiacjoe_overflow_catwalk_spiral,
          gammafunk_ghost_split, uniq_robin
D:4:      kennysheep_six_static_rooms, layout_rooms, minmay_shop_grid_forest,
          solitary_fountain, minmay_crystal_room, minivault_14,
          kennysheep_potato
D:5:      layout_loops_ring, serial_shops,
          nicolae_shop_temple_entry_statues_fountains, portal_sewer_entry_f,
          kennysheep_pointless_box, nicolae_hexahallways,
          kennysheep_small_spiral, nrook_mini_backslash,
          corexii_leaking_fountain
D:6:      layout_basic, serial_shops, shop
D:7:      layout_rooms, minmay_temple_entry_ruins, serial_shops, shop
D:8:      layout_rooms, minmay_lair_entry_grove
D:9:      layout_roguey, enter_bailey_3, gammafunk_ghost_berserking_beasts
D:10:     kennysheep_windowed_halls, layout_long_grid, serial_shops, shop,
          kennysheep_generic_room_13
D:11:     gammafunk_worm_tunnel, layout_stronghold
D:12:     layout_basic, orc_0_dummy, uniq_nergalle
D:13:     layout_roguey, uniq_frances
D:14:     layout_long_grid, david_vaults_5, grunt_gozag_breadcrumbs
D:15:     hangedman_depths_entry_civil_slaughter, layout_long_grid,
          serial_shops, shop, minmay_misc_feat_room, uniq_jorgrun
Temple:   nicolae_temple_bog_church
Lair:1:   layout_regular_city, portal_ice_cave_entry_pillars_2,
          serial_bayou_pond_e, dreamdust_mushroom_princess
Lair:2:   layout_gridlike, skrybe_swamp_entry_bodies,
          nicolae_spider_entry_lesser_pyramids
Lair:3:   layout_layer_cave
Lair:4:   layout_regular_city, dpeg_slime_entry_enclosed
Lair:5:   cheibrodos_lair_end_hotspot, layout_regular_city, uniq_urug
Swamp:1:  nicolae_swamp_ascending_descending_big, layout_basic_swamp,
          evilmike_swamp_ruin_house_6, swamp_pool1
Spider:1: layout_spider_delve
Orc:1:    layout_caves
Orc:2:    grunt_orc_gardens, layout_caves, grunt_orc_garden, grunt_orc_garden,
          grunt_orc_garden, grunt_orc_garden, serial_shops, shop,
          nicolae_orc_flooded_monolith, nicolae_orc_lost_temple

Skill      XL: |  1  2  3  4  5  6  7  8  9 10 11 12 13 14 15 |
---------------+----------------------------------------------+-----
Maces & Flails | 3 4 5 7 8 10 11 13 14 15 16 | 16.5
Armour         | 4 5 6 7 9 10 11 | 11.5
Fighting       | 4 5 6 7 8 9 10 11 12 | 12.5
Invocations    | 1 2 3 4 6 7 9 10 11 12 14 | 14.0
Shields        | 4 5 6 7 8 9 11 12 | 12.3
Dodging        | 1 2 3 4 |  4.6
Evocations     | 1 |  1.4

Action                     |  1- 3 |  4- 6 |  7- 9 | 10-12 | 13-15 | 16-18 || total
---------------------------+-------+-------+-------+-------+-------+-------++-------
  Melee: Flail             |   103 |   134 |   294 |       |       |       ||   531
         Mace              |       |       |    55 |   322 |       |       ||   377
         Morningstar       |       |       |       |   356 |  1108 |    12 ||  1476
  Throw: Javelin           |       |       |       |     1 |       |       ||     1
 Invoke: Divine Shield     |       |       |     1 |     3 |       |       ||     4
         Cleansing Flame   |       |       |       |       |     8 |       ||     8
  Evoke: Wand              |       |     2 |     6 |     4 |     2 |       ||    14
    Use: Scroll            |       |     6 |    10 |     5 |    11 |       ||    32
         Potion            |       |     1 |     1 |    11 |     7 |     1 ||    21
 Armour: Scale mail        |    54 |    69 |    93 |       |       |       ||   216
         Chain mail        |       |       |    45 |   300 |   580 |     1 ||   926
         Skin              |       |       |       |    12 |       |       ||    12
  Dodge: Dodged            |    50 |    70 |   141 |   227 |   361 |     3 ||   852
         Repelled          |       |       |       |       |     5 |       ||     5
  Block: Buckler           |    19 |    43 |   146 |   405 |   613 |     3 ||  1229
         Reflection        |       |       |     4 |     4 |    21 |       ||    29
